 Dungeon Crawl Stone Soup version 0.26-a0-739-gf55cbd344a (webtiles) character file.

Game seed: 1274743208425132983

200620 jasper the Sharpshooter (level 19, -2/127 HPs)
             Began as a Kobold Hunter on Nov 5, 2020.
             Was the Champion of Okawaru.
             Splashed by a goliath frog's acid (3 damage)
             ... on level 3 of the Swamp.
             The game lasted 01:03:01 (42305 turns).

jasper the Sharpshooter (Kobold Hunter)            Turns: 42305, Time: 01:03:01

Health: -2/127     AC: 26    Str: 23    XL:     19   Next: 22%
Magic:  23/23      EV: 25    Int: 12    God:    Okawaru [******]
Gold:   1303       SH:  0    Dex: 17    Spells: 17/18 levels left

rFire    + . .     SeeInvis +   H - +11 arbalest "Dowkupoe" {freeze, SInv Stlth+}
rCold    + . .     Faith    .   (shield currently unavailable)
rNeg     + . .     Spirit   .   m - +7 plate armour of the Grue {Str+3}
rPois    +         Reflect  .   c - +0 hat "Biprabbe" {rC+ Str+5}
rElec    +         Harm     .   r - +2 cloak {rPois}
rCorr    +         Rampage  .   b - +1 pair of gloves {Str+3}
MR       ++...                  o - +0 pair of boots of Wonder {rF+ rCorr Str-4} (curse)
Stlth    ..........             t - amulet of the Air {Inacc +Fly rElec EV+5 RMsl}
HPRegen  0.31/turn              T - ring of protection from magic
MPRegen  0.18/turn              V - ring of positive energy

@: corroded, studying Dodging, repel missiles
A: small, nightstalker 3
}: 1/15 runes: serpentine
a: Heroism, Finesse, Renounce Religion, Evoke Flight


You were on level 3 of the Swamp.
You worshipped Okawaru.
Okawaru was exalted by your worship.
You visited 6 branches of the dungeon, and saw 31 of its levels.
You also visited: Gauntlet.

You collected 3221 gold pieces.
You spent 1918 gold pieces at shops.

Inventory:

Hand Weapons
 H - the +11 arbalest "Dowkupoe" (weapon) {freeze, SInv Stlth+}
   (Okawaru gifted it to you on level 13 of the Dungeon)

   It causes projectiles fired from it to freeze those they strike, causing
   extra injury to most foes and up to half again as much damage against
   particularly susceptible opponents.
   They can also slow down cold-blooded creatures.
   It lets you see invisible.
   It makes you more stealthy.
 N - the +1 arbalest of the Other Side {penet, +Inv rElec Str-3 SInv}
   (Okawaru gifted it to you on level 2 of the Snake Pit)

   Ammo fired by it will pass through the targets it hits, potentially hitting
   all targets in its path until it reaches maximum range.
   It affects your strength (-3).
   It insulates you from electricity.
   It lets you see invisible.
   It lets you turn invisible.
 P - a +1 demon trident of venom
 Y - the +9 arbalest of Okawaru's Scorn {speed, rPois rF++ Str-4}
   (Okawaru gifted it to you on level 3 of the Lair of Beasts)

   Attacks with this weapon are significantly faster.
   It affects your strength (-4).
   It greatly protects you from fire.
   It protects you from poison.
Missiles
 d - 157 bolts (quivered)
 D - 11 curare-tipped darts
Armour
 b - a +1 pair of gloves of strength (worn)
 c - the +0 hat "Biprabbe" (worn) {rC+ Str+5}
   (Okawaru gifted it to you on level 1 of the Snake Pit)

   It affects your strength (+5).
   It protects you from cold.
 l - the +1 pair of boots of the Unseen Realm {*Drain rN+ SInv}
   (You found it on level 2 of the Snake Pit)

   It protects you from negative energy.
   It lets you see invisible.
   It causes draining when unequipped.
 m - the +7 plate armour of the Grue (worn) {Str+3}
   (You found it on level 1 of the Snake Pit)

   It affects your strength (+3).
 o - the cursed +0 pair of boots of Wonder (worn) {rF+ rCorr Str-4}
   (You found it on level 1 of the Snake Pit)

   It affects your strength (-4).
   It protects you from fire.
   It provides partial protection from all sources of acid and corrosion.
   It has a curse placed upon it.
 r - a +2 cloak of poison resistance (worn)
Jewellery
 t - the amulet of the Air (around neck) {Inacc +Fly rElec EV+5 RMsl}
   (You found it on level 1 of the Snake Pit)

   [amulet of inaccuracy]

   It reduces the accuracy of all your attacks.
   It affects your evasion (+5).
   It insulates you from electricity.
   It lets you fly.
   It protects you from missiles.
 z - an uncursed ring of resist corrosion
 T - a ring of protection from magic (left hand)
 V - a ring of positive energy (right hand)
Wands
 a - a wand of polymorph (7)
 g - a wand of flame (56)
 M - a wand of digging (17)
 S - a wand of acid (5)
Scrolls
 e - 13 scrolls of remove curse
 f - 11 scrolls of enchant armour
 h - 4 scrolls of fear
 i - 13 scrolls of teleportation
 n - 9 scrolls of immolation
 q - 6 scrolls of fog
 s - 7 scrolls of magic mapping
 y - 5 scrolls of enchant weapon
 B - 3 scrolls of identify
 J - 3 scrolls of torment
 U - 5 scrolls of blinking
 W - 3 scrolls of vulnerability
Potions
 j - 4 potions of curing
 u - 5 potions of haste
 v - 4 potions of lignification
 w - 4 potions of brilliance
 A - 2 potions of mutation
 C - 6 potions of cancellation
 F - 5 potions of flight
 G - 2 potions of magic
 K - 3 potions of attraction
 L - 3 potions of ambrosia
 O - a potion of invisibility
 X - 4 potions of heal wounds
 Z - 2 potions of might
Books
 p - a manual of Dodging
Miscellaneous
 k - a phantom mirror
 E - a box of beasts (3/3)
 I - a condenser vane (2/2)
 Q - a lightning rod (4/4)
 R - a tin of tremorstones (3/3)


   Skills:
 * Level 16.7 Fighting
 - Level 20.0 Crossbows
 + Level 13.2 Armour
 + Level 17.3 Dodging
 - Level 1.3 Stealth
 - Level 5.8 Invocations
 + Level 10.4 Evocations


You had 17 spell levels left.
You knew the following spells:

 Your Spells              Type           Power        Failure   Level
a - Apportation           Tloc           #.....       97%         1

Your spell library contained the following spells:

 Spells                   Type           Power        Failure   Level
 Animate Skeleton         Necr           #.....       97%         1
 Corona                   Hex            #......      97%         1
 Foxfire                  Conj/Fire      #...         97%         1
 Freeze                   Ice            #...         97%         1
 Magic Dart               Conj           #...         97%         1
 Pain                     Necr           #...         97%         1
 Ensorcelled Hibernation  Hex/Ice        #.....       99%         2
 Poisonous Vapours        Pois/Air       #.....       99%         2
 Searing Ray              Conj           #.....       99%         2
 Confusing Touch          Hex            #.......     100%        3
 Conjure Flame            Conj/Fire      #.......     100%        3
 Dazzling Flash           Conj/Hex       #.....       100%        3
 Frozen Ramparts          Ice            #.....       100%        3
 Gell's Gravitas          Tloc           #.........   100%        3
 Inner Flame              Hex/Fire       #.......     100%        3
 Lesser Beckoning         Tloc           #.........   100%        3
 Mephitic Cloud           Conj/Pois/Air  #.......     100%        3
 Ozocubu's Armour         Ice            #.......     100%        3
 Spider Form              Tmut/Pois      #.........   100%        3
 Tukima's Dance           Hex            #.......     100%        3
 Vampiric Draining        Necr           #.........   100%        3
 Animate Dead             Necr           #.........   100%        4
 Fulminant Prism          Conj/Hex       #.........   100%        4
 Hailstorm                Conj/Ice       #.......     100%        4
 Iskenderun's Mystic Bla  Conj/Tloc      #.......     100%        4
 Petrify                  Tmut/Erth      #.......     100%        4
 Sticky Flame             Conj/Fire      #.......     100%        4
 Summon Ice Beast         Ice/Summ       #.......     100%        4
 Agony                    Necr           #.......     100%        5
 Alistair's Intoxication  Tmut/Pois      #........    100%        5
 Fireball                 Conj/Fire      #.........   100%        5
 Metabolic Englaciation   Hex/Ice        #.........   100%        5
 Yara's Violent Unravell  Hex/Tmut       #.........   100%        5
 Invisibility             Hex            #.......     100%        6


Dungeon Overview and Level Annotations

Branches:
Dungeon (15/15)            Temple (1/1) D:5            Lair (6/6) D:8
  Swamp (3/4) Lair:3        Snake (4/4) Lair:4          Orc (2/2) D:10
    Elf (0/3) Orc:2        Vaults (0/5) D:14         Depths (0/5) D:15
Gauntlet (visited)
  Slime: Lair:5-6

Altars:
Ashenzari
Cheibriados
Dithmenos
Elyvilon
Fedhas
Gozag
Hepliaklqana
Kikubaaqudgha
Makhleb
Nemelex Xobeh
Okawaru
Qazlal
Ru
Sif Muna
Trog
Uskayaw
Vehumet
Wu Jian
Xom
Yredelemnul
Zin
The Shining One
Beogh

Shops:
D:10 [   D:13 (   Orc:2 *[?}   Snake:2 (   Snake:3 (

Portals:
Pandemonium: Orc:2
Trove: D:12 (give +3 storm dragon scales)

Annotations:
D:7 Duvessa
D:12 3 runed translucent doors
Lair:2 exclusion: oklob plant
Lair:5 exclusion: 3 oklob plants
Lair:6 exclusion: oklob plant
Snake:3 Roxanne
Snake:4 3 runed translucent doors, OTABOTABOTAB's ghost, adept MiFi


Innate Abilities, Weirdness & Mutations

You are small and have problems with some larger weapons.
You are completely attuned to the shadows.


Message History

The goliath frog misses you. The goliath frog hits you from afar!!
* * * LOW HITPOINT WARNING * * *
You are splashed with acid.
You resist.
* * * LOW HITPOINT WARNING * * *
You take 32 damage, and have 12/126 hp.
MASSIVE DAMAGE!!
The goliath frog misses you. x2
You feel much better. The goliath frog misses you. The spriggan misses you.
You regained 23 hp, and now have 35/127 hp.
The goliath frog hits you from afar!
* * * LOW HITPOINT WARNING * * *
You are splashed with acid.
You resist.
* * * LOW HITPOINT WARNING * * *
The spriggan misses you.
There is a stone staircase leading up here.
You take 18 damage, and have 17/127 hp.
The goliath frog hits you from afar!
* * * LOW HITPOINT WARNING * * *
You are splashed with acid.
You resist.
You die...

♣♣♣ ♣♣♣..♣
.≈≈ ♣♣♣@≈.♣
..(♣♣.ii≈≈♣
.....F.≈.♣♣
....(.♣♣♣♣
...♣..♣♣
.≈.....♣
.≈(≈†≈)♣
....≈≈(♣♣
♣≈.≈..≈.♣


You could see a goliath frog (strong) and 2 spriggans.

Vanquished Creatures
  Vashnia (Snake:2)
  Nikola (Swamp:1)
  Rupert (D:14)
  Frances (Snake:1)
  Kirke (D:14)
  Donald (Snake:4)
  10 nagarajas
  A frost giant (D:15)
  Nessos (D:12)
  2 bunyips
  A fire dragon (D:14)
  2 eleionomae (Swamp:1)
  10 hydras
  Fannar (D:10)
  Erica (Lair:1)
  7 anacondas
  A death knight (D:14)
  14 naga warriors
  A boulder beetle (D:12)
  5 two-headed ogres
  5 alligators
  5 centaur warriors
  A ghost crab (Swamp:3)
  10 death yaks (Lair:6)
  A queen ant (Lair:2)
  A goliath frog (Swamp:2)
  Urug (D:14)
  7 orc high priests (Orc:2)
  17 naga sharpshooters
  A sun demon (Orc:2)
  3 shock serpents
  Nergalle (D:11)
  A sixfirhy (Orc:2)
  2 salamander mystics
  An infernal demonspawn (Orc:2)
  An obsidian statue (Snake:1)
  3 spriggan druids
  4 bog bodies
  2 gelid demonspawn (Orc:2)
  10 naga ritualists
  4 orc knights (Orc:2)
  12 mana vipers
  5 orc sorcerers (Orc:2)
  3 deep elf magi
  A will-o-the-wisp (Swamp:2)
  A manticore (D:15)
  10 salamanders
  An elephant (Lair:6)
  4 cyclopes
  2 centaur zombies
  Maurice (D:13)
  4 guardian serpents
  40 black mambas
  An orange demon (Orc:2)
  25 naga magi
  A gargoyle (D:10)
  Maggie (Lair:1)
  8 cane toads
  4 centaur skeletons
  10 komodo dragons
  2 ice devils (Orc:2)
  2 yaktaurs (D:15)
  2 rime drakes
  A freezing wraith (D:15)
  A troll (D:14)
  A troll (shapeshifter) (D:15)
  22 blink frogs
  5 polar bears
  8 tyrant leeches
  4 slime creatures (D:14)
  8 dream sheep
  7 hornets
  A shadow (D:15)
  16 spriggans
  3 wraiths
  39 yaks
  4 wyverns
  Eustachio (D:5)
  16 humans (D:14)
  A water elemental (D:11)
  2 hogs (D:14)
  6 basilisks
  Menkaure (D:4)
  9 vampire mosquitoes
  44 nagas
  5 soldier ants
  7 swamp worms
  A swamp drake (Swamp:1)
  22 orc warriors
  10 water moccasins
  4 black bears
  3 sky beasts
  An ice beast (shapeshifter) (D:14)
  4 necrophages
  A phantom (D:6)
  2 eyes of draining
  10 ice beasts
  3 boggarts (Lair:6)
  43 wolves
  An eye of draining (shapeshifter) (D:13)
  6 ogres
  5 centaurs
  4 big kobolds
  19 bullfrogs
  Dowan (D:7)
  6 scorpions
  4 killer bees (D:7)
  12 wights
  4 howler monkeys
  2 vampire bats (D:4)
  4 electric eels
  Crazy Yiuf (D:2)
  7 jellies
  A quasit (D:11)
  7 hounds
  3 bullfrog skeletons
  26 orc priests
  A gnoll shaman (D:6)
  18 orc wizards
  Ijyb (D:5)
  Natasha (D:3)
  5 iguanas
  A hell rat (D:8)
  Terence (D:3)
  18 worker ants
  A hound zombie (D:9)
  A hound skeleton (D:4)
  2 worker ant zombies
  15 gnolls
  11 adders
  3 shadow imps
  4 white imps
  2 ufetubi (D:9)
  An adder zombie (D:8)
  A worm (D:2)
  2 dart slugs (D:1)
  4 leopard geckos
  75 orcs
  13 bats
  9 giant cockroaches
  4 goblins
  4 hobgoblins
  7 jackals
  26 kobolds
  4 quokkas
  4 frilled lizards
  A quokka skeleton (D:7)
  A quokka zombie (D:6)
  6 rats
960 creatures vanquished.

Vanquished Creatures (others)
  A black mamba (Snake:4)
  A bush (D:9)
  24 fungi
  86 plants
112 creatures vanquished.

Grand Total: 1072 creatures vanquished

Notes
Turn   | Place    | Note
-------+----------+-------------------------------------------
     0 | D:1      | jasper the Kobold Hunter began the quest for the Orb.
     0 | D:1      | Reached XP level 1. HP: 12/12 MP: 1/1
   241 | D:1      | Reached skill level 5 in Crossbows
   543 | D:1      | Reached XP level 2. HP: 17/17 MP: 2/2
   885 | D:1      | Reached XP level 3. HP: 19/21 MP: 3/3
  1024 | D:2      | Reached skill level 6 in Crossbows
  1332 | D:2      | Reached XP level 4. HP: 20/26 MP: 4/4
  1654 | D:2      | Found a runed translucent door.
  1657 | D:2      | Noticed Crazy Yiuf
  1666 | D:2      | Killed Crazy Yiuf
  1666 | D:2      | Reached skill level 7 in Crossbows
  1906 | D:3      | Noticed Terence
  1908 | D:3      | Killed Terence
  1908 | D:3      | Reached XP level 5. HP: 30/30 MP: 5/5
  2193 | D:3      | Found a hazy altar of Hepliaklqana.
  2458 | D:3      | Reached skill level 8 in Crossbows
  2542 | D:3      | Reached XP level 6. HP: 35/35 MP: 6/6
  2689 | D:3      | Noticed Natasha
  2696 | D:3      | Killed Natasha
  3080 | D:4      | Reached skill level 9 in Crossbows
  3295 | D:4      | Noticed Menkaure
  3307 | D:4      | Reached XP level 7. HP: 40/40 MP: 7/7
  3312 | D:4      | Killed Menkaure
  3312 | D:4      | Reached skill level 10 in Crossbows
  3716 | D:4      | Reached skill level 1 in Armour
  3913 | D:5      | Entered Level 5 of the Dungeon
  4129 | D:5      | Reached XP level 8. HP: 46/46 MP: 8/8
  4172 | D:5      | Noticed Ijyb
  4194 | D:5      | Killed Ijyb
  4372 | D:5      | Found an ornate altar of the Wu Jian Council.
  4455 | D:5      | Noticed Eustachio
  4476 | D:5      | Killed Eustachio
  5087 | D:5      | Found a staircase to the Ecumenical Temple.
  5093 | Temple   | Entered the Ecumenical Temple
  5130 | Temple   | Became a worshipper of Warmaster Okawaru
  5573 | D:6      | Reached skill level 5 in Dodging
  5899 | D:6      | Reached skill level 5 in Fighting
  5924 | D:6      | Learned a level 3 spell: Inner Flame
  5964 | D:6      | Reached * piety under Okawaru
  5964 | D:6      | Reached XP level 9. HP: 48/54 MP: 9/9
  6026 | D:6      | Reached skill level 1 in Invocations
  6953 | D:7      | Reached skill level 5 in Invocations
  7415 | D:7      | Noticed a deep elf mage
  7420 | D:7      | Killed a deep elf mage
  7420 | D:7      | Reached ** piety under Okawaru
  7985 | D:7      | Reached XP level 10. HP: 60/60 MP: 14/14
  8173 | D:7      | Noticed Dowan
  8184 | D:7      | Killed Dowan
  8207 | D:7      | Noticed Duvessa
  8816 | D:8      | Found an opulent altar of Gozag.
  8846 | D:8      | Found a shadowy altar of Dithmenos.
  8850 | D:8      | Found a sparkling altar of Nemelex Xobeh.
  8850 | D:8      | Found a blossoming altar of Fedhas.
  8850 | D:8      | Found a glowing golden altar of the Shining One.
  8851 | D:8      | Found a snail-covered altar of Cheibriados.
  8971 | D:8      | Noticed a death yak
  8983 | D:8      | Noticed a death yak
  8985 | D:8      | Noticed a death yak
  9608 | D:9      | Reached skill level 5 in Armour
  9724 | D:9      | Reached *** piety under Okawaru
 10179 | D:9      | Found a blossoming altar of Fedhas.
 10491 | D:10     | Entered Level 10 of the Dungeon
 10961 | D:10     | Noticed Fannar
 10994 | D:10     | Killed Fannar
 10994 | D:10     | Received a gift from Okawaru
 10994 | D:10     | Reached **** piety under Okawaru
 10994 | D:10     | Reached XP level 11. HP: 21/69 MP: 15/15
 11601 | D:10     | Received a gift from Okawaru
 11635 | D:10     | Found a staircase to the Orcish Mines.
 12065 | D:10     | Reached skill level 10 in Dodging
 12411 | D:10     | Found Cifuor's Armour Emporium.
 12414 | D:10     | Bought a +1 pair of boots of flying for 214 gold pieces
 12512 | Orc:1    | Entered Level 1 of the Orcish Mines
 12552 | D:11     | Received a gift from Okawaru
 12915 | D:11     | Found a gate leading to a gauntlet.
 12959 | Gauntlet | Entered a Gauntlet
 12959 | Gauntlet | Found a transporter.
 12962 | Gauntlet | Noticed a worldbinder
 13068 | Gauntlet | Found a runed translucent gate.
 13078 | Gauntlet | Found a transporter.
 13102 | Gauntlet | Found a transporter.
 13105 | Gauntlet | Noticed an obsidian statue
 13110 | Gauntlet | Noticed a sixfirhy
 13112 | Gauntlet | Found a transporter.
 13119 | Gauntlet | Noticed a sixfirhy
 13122 | Gauntlet | Found a transporter.
 13129 | Gauntlet | Noticed an obsidian statue
 13132 | Gauntlet | Found a transporter.
 13153 | Gauntlet | Found a transporter.
 13162 | Gauntlet | Found a transporter.
 13171 | Gauntlet | Found a runed translucent gate.
 13218 | Gauntlet | Found a transporter.
 13245 | Gauntlet | Found a transporter.
 13255 | Gauntlet | Found a transporter.
 13267 | Gauntlet | Found a transporter.
 13297 | Gauntlet | Found a transporter.
 13323 | Gauntlet | Found a transporter.
 13705 | D:11     | Noticed Nergalle
 13735 | D:11     | Killed Nergalle
 13735 | D:11     | Received a gift from Okawaru
 13922 | D:11     | Noticed a boulder beetle
 14832 | D:11     | You fall into a shaft and drop 2 floors!
 14918 | D:11     | Reached skill level 10 in Fighting
 14943 | D:11     | Reached XP level 12. HP: 35/77 MP: 13/16
 15254 | D:11     | Identified the +2 leather armour "Buferchi" {+Fly Dex+3
                  | Slay-4}
 15418 | D:11     | Noticed a two-headed ogre
 15430 | D:11     | Killed a two-headed ogre
 15430 | D:11     | Received a gift from Okawaru
 16367 | Orc:2    | Entered Level 2 of the Orcish Mines
 17339 | D:8      | Found a staircase to the Lair.
 17415 | Lair:1   | Entered Level 1 of the Lair of Beasts
 17713 | Lair:1   | Noticed Erica
 17722 | Lair:1   | Killed Erica
 17850 | Lair:1   | Received a gift from Okawaru
 18223 | Lair:1   | Received a gift from Okawaru
 18502 | Lair:1   | Noticed Maggie
 18516 | Lair:1   | Killed Maggie
 18878 | Lair:1   | Reached ***** piety under Okawaru
 19183 | Lair:2   | Received a gift from Okawaru
 19542 | Lair:2   | Learned a level 1 spell: Apportation
 19680 | Lair:2   | Noticed a queen ant
 19712 | Lair:2   | Killed a queen ant
 19894 | Lair:2   | Received a gift from Okawaru
 19894 | Lair:2   | Reached XP level 13. HP: 80/83 MP: 17/17
 20029 | Lair:3   | Reached skill level 10 in Armour
 20545 | Lair:2   | Received a gift from Okawaru
 21073 | Lair:3   | Found a staircase to the Swamp.
 21270 | Lair:3   | Found an ancient bone altar of Kikubaaqudgha.
 21322 | Lair:3   | Noticed a five-headed hydra
 21333 | Lair:3   | Killed a five-headed hydra
 21757 | Lair:3   | Reached skill level 11 in Crossbows
 21786 | Lair:3   | Received a gift from Okawaru
 21789 | Lair:3   | Got a bloodstained arbalest {god gift}
 21790 | Lair:3   | Identified the +9 arbalest of Okawaru's Scorn {speed, rPois
                  | rF++ Str-4} (Okawaru gifted it to you on level 3 of the
                  | Lair of Beasts)
 22219 | Lair:4   | Reached skill level 12 in Crossbows
 22843 | Lair:4   | Found a staircase to the Snake Pit.
 23140 | Lair:5   | Received a gift from Okawaru
 23185 | Lair:5   | Reached skill level 13 in Crossbows
 23247 | Lair:5   | Noticed a six-headed hydra
 23249 | Lair:5   | Noticed an eight-headed hydra
 23256 | Lair:5   | Killed a six-headed hydra
 23260 | Lair:5   | Killed an eight-headed hydra
 23550 | Lair:5   | Noticed an eight-headed hydra
 23559 | Lair:5   | Killed an eight-headed hydra
 23796 | Lair:5   | Reached skill level 14 in Crossbows
 23981 | Lair:5   | Reached XP level 14. HP: 89/89 MP: 18/18
 24181 | Lair:6   | Entered Level 6 of the Lair of Beasts
 24271 | Lair:6   | Reached skill level 15 in Crossbows
 24694 | Lair:6   | Reached ****** piety under Okawaru
 24702 | Lair:6   | Received a gift from Okawaru
 24708 | Lair:6   | Reached skill level 16 in Crossbows
 25376 | Lair:6   | Reached skill level 17 in Crossbows
 25692 | Lair:6   | Identified the Almanac of Envenoming
 26508 | Orc:2    | Reached XP level 15. HP: 29/93 MP: 6/19
 26811 | Orc:2    | Reached skill level 18 in Crossbows
 27114 | Orc:2    | Found Viffa's General Store.
 27176 | Orc:2    | Found Qiodet's Magic Scroll Emporium.
 27209 | Orc:2    | Received a gift from Okawaru
 27222 | Orc:2    | Bought a scroll of immolation for 45 gold pieces
 27222 | Orc:2    | Bought a scroll of identify for 26 gold pieces
 27222 | Orc:2    | Bought a potion of invisibility for 104 gold pieces
 27224 | Orc:2    | Bought a scroll of blinking for 105 gold pieces
 27224 | Orc:2    | Bought a scroll of identify for 28 gold pieces
 27224 | Orc:2    | Bought a scroll of identify for 28 gold pieces
 27224 | Orc:2    | Bought a scroll of teleportation for 42 gold pieces
 27224 | Orc:2    | Bought a scroll of fear for 49 gold pieces
 27224 | Orc:2    | Bought a scroll of identify for 28 gold pieces
 27488 | Orc:2    | Found Hyserch's Gadget Shop.
 27488 | Orc:2    | Found Cyick's Antique Armour Boutique.
 27488 | Orc:2    | Found a one-way gate leading to the halls of Pandemonium.
 27879 | Orc:2    | Found a staircase to the Elven Halls.
 28010 | Orc:2    | Found a roughly hewn altar of Beogh.
 28287 | Orc:2    | Bought a scroll of immolation for 49 gold pieces
 28316 | Orc:2    | Bought a condenser vane (2/2) for 240 gold pieces
 28316 | Orc:2    | Bought a condenser vane (2/2) for 240 gold pieces
 28316 | Orc:2    | Bought a tin of tremorstones (3/3) for 480 gold pieces
 28316 | Orc:2    | Bought a box of beasts (3/3) for 240 gold pieces
 28516 | D:12     | Noticed Nessos
 28522 | D:12     | Killed Nessos
 28522 | D:12     | Reached skill level 1 in Evocations
 28732 | D:12     | Found a portal to a secret trove of treasure.
 28965 | D:12     | Found a runed translucent gate.
 28965 | D:12     | Found a runed translucent gate.
 28966 | D:12     | Found a runed translucent gate.
 28969 | D:12     | Noticed a white very ugly thing
 28971 | D:12     | Noticed a brown very ugly thing
 29528 | D:13     | Received a gift from Okawaru
 29533 | D:13     | Identified the +11 arbalest "Dowkupoe" {freeze, SInv
                  | Stlth+} (Okawaru gifted it to you on level 13 of the
                  | Dungeon)
 29615 | D:13     | Noticed Maurice
 29625 | D:13     | Killed Maurice
 30228 | D:13     | Found Zouvonum's Antique Weapon Boutique.
 30511 | D:14     | Noticed Rupert
 30528 | D:14     | Killed Rupert
 30528 | D:14     | Reached XP level 16. HP: 45/102 MP: 5/20
 30608 | D:14     | Received a gift from Okawaru
 30880 | D:14     | Found a gate to the Vaults.
 31380 | D:14     | Noticed Urug
 31388 | D:14     | Killed Urug
 31893 | D:14     | Noticed Kirke
 31911 | D:14     | Killed Kirke
 31911 | D:14     | Reached skill level 5 in Evocations
 32113 | D:15     | Entered Level 15 of the Dungeon
 32190 | D:15     | Identified a scroll of acquirement
 32192 | D:15     | Acquired 257 gold pieces
 32968 | D:15     | Received a gift from Okawaru
 33047 | D:15     | Found a staircase to the Depths.
 33047 | D:15     | Noticed a frost giant
 33055 | D:15     | Killed a frost giant
 33639 | Snake:1  | Entered Level 1 of the Snake Pit
 33821 | Snake:1  | Received a gift from Okawaru
 33829 | Snake:1  | Identified the +0 hat "Biprabbe" {rC+ Str+5} (Okawaru
                  | gifted it to you on level 1 of the Snake Pit)
 33933 | Snake:1  | Found a transporter.
 33949 | Snake:1  | Noticed a nagaraja
 34084 | Snake:1  | Noticed Frances
 34088 | Snake:1  | Killed Frances
 34248 | Snake:1  | Noticed a nagaraja
 34443 | Snake:1  | Noticed a nagaraja
 34464 | Snake:1  | Found the amulet of the Air {Inacc +Fly rElec EV+5 RMsl}
 34467 | Snake:1  | Found a transporter.
 34498 | Snake:1  | Killed a nagaraja
 34499 | Snake:1  | Killed a nagaraja
 35172 | Snake:1  | Killed a nagaraja
 35445 | Snake:1  | Identified the +7 plate armour of the Grue {Str+3} (You
                  | found it on level 1 of the Snake Pit)
 35447 | Snake:1  | Identified the cursed +0 pair of boots of Wonder {rF+ rCorr
                  | Str-4} (You found it on level 1 of the Snake Pit)
 35583 | Snake:2  | Reached XP level 17. HP: 104/110 MP: 21/21
 35707 | Snake:2  | Identified the +1 pair of boots of the Unseen Realm {*Drain
                  | rN+ SInv} (You found it on level 2 of the Snake Pit)
 35732 | Snake:2  | Received a gift from Okawaru
 35735 | Snake:2  | Identified the +1 arbalest of the Other Side {penet, +Inv
                  | rElec Str-3 SInv} (Okawaru gifted it to you on level 2 of
                  | the Snake Pit)
 35859 | Snake:2  | Acquired a manual of Dodging
 36213 | Snake:2  | Noticed Vashnia
 36222 | Snake:2  | Killed Vashnia
 36316 | Snake:2  | Reached skill level 19 in Crossbows
 36399 | Snake:2  | Found Immon's Antique Weapon Emporium.
 36445 | Snake:2  | Received a gift from Okawaru
 37236 | Snake:3  | Received a gift from Okawaru
 37270 | Snake:3  | Found Kiykleb's Antique Weapon Shop.
 37285 | Snake:3  | Identified Roxanne's Incunabulum of Earth
 37285 | Snake:3  | Noticed Roxanne
 37340 | Snake:3  | Received a gift from Okawaru
 37677 | Snake:3  | Reached skill level 20 in Crossbows
 38253 | Snake:4  | Entered Level 4 of the Snake Pit
 38332 | Snake:4  | Reached skill level 15 in Dodging
 38559 | Snake:4  | Noticed Donald
 38587 | Snake:4  | Killed Donald
 38733 | Snake:4  | Reached XP level 18. HP: 117/117 MP: 22/22
 38854 | Snake:4  | Reached skill level 15 in Fighting
 39054 | Snake:4  | Received a gift from Okawaru
 39859 | Snake:4  | Got a serpentine rune of Zot
 40316 | Snake:4  | Found a runed translucent gate.
 40324 | Snake:4  | Found a runed translucent gate.
 40324 | Snake:4  | Found a runed translucent gate.
 40325 | Snake:4  | Noticed OTABOTABOTAB's ghost (adept MiFi)
 40556 | Swamp:1  | Entered Level 1 of the Swamp
 40591 | Swamp:1  | Received a gift from Okawaru
 40594 | Swamp:1  | Identified the +1 quick blade of Dullness {holy, rPois rC++
                  | rN+ Str+4 Dex-4} (Okawaru gifted it to you on level 1 of
                  | the Swamp)
 40911 | Swamp:1  | Noticed Nikola
 40922 | Swamp:1  | Killed Nikola
 40922 | Swamp:1  | Reached skill level 10 in Evocations
 40932 | Swamp:1  | Reached XP level 19. HP: 99/126 MP: 23/23
 42305 | Swamp:3  | HP: 1/127 [goliath frog (17)]
 42305 | Swamp:3  | Splashed by a goliath frog's acid

Illustrated notes

Levels and vault maps discovered:
D:1:      dpeg_arrival_orchard, layout_basic, serial_glass, glass_columns_b,
          glass_columns_a, glass_columns_b, glass_columns_a
D:2:      layout_rooms, uniq_crazy_yiuf_cottage
D:3:      layout_loops_ring, lemuel_doored_altar, uniq_natasha, uniq_terence
D:4:      layout_cave_pools, serial_column_ruins, column_ruins_hut_ruined,
          column_ruins_grid_2, column_ruins_grid_2, column_ruins_grid_1,
          column_ruins_columns_dead_end, column_ruins_open_tiny,
          roderic_batcave, uniq_menkaure
D:5:      layout_loops_ring, minmay_temple_entry_enclosed_plants, basic_altar,
          serial_park_tiny_pond, uniq_eustachio, uniq_ijyb
D:6:      layout_loops_ring, serial_bayou, serial_bayou_pond_d,
          serial_bayou_ford_a, serial_bayou_lagoon_a, serial_bayou_pond_c
D:7:      kennysheep_seaside_town, layout_basic, guppyfry_early_elven_hall,
          uniq_duvessa
D:8:      layout_loops_cross, minitemple, dpeg_lair_monsters
D:9:      layout_irregular_city, corexii_leaking_fountain,
          fedhas_altar_decomposition
D:10:     layout_loops_ring, david_orc_3, serial_shops, kennysheep_mini_moat,
          uniq_fannar
D:11:     kennysheep_blocky_hall, layout_basic, gauntlet_entry_generic,
          st_stairs_14, blue_anna_alchemist [blue_anna_fruit_fields,
          blue_anna_fruit_fields], uniq_nergalle
D:12:     layout_stronghold, enter_trove_2,
          ploomutoo_gammafunk_ghost_potion_laboratory,
          chequers_serial_rivers_small_b, uniq_nessos
D:13:     layout_loops_cross, serial_shops, nicolae_shop_overgrown_old_shop,
          serial_park_tiny_pond, uniq_maurice
D:14:     layout_stronghold, david_vaults_3, chequers_serial_rivers_micro_e,
          uniq_kirke
D:15:     grunt_enter_depths_snipers, layout_grid_maze, st_stairs_11,
          nrook_mini_backslash
Temple:   minmay_freezing_vapour_temple
Lair:1:   layout_cellular_growth, uniq_erica, uniq_maggie
Lair:2:   layout_misc_corridors, minmay_another_anthill, lemuel_fruit_tree,
          minmay_lair_oklob_chamber, infiniplex_staircase_pool,
          grunt_megastairs_1, uniq_urug
Lair:3:   layout_roguey, swamp_mist, basic_altar, minivault_24
Lair:4:   layout_loops_ring, guppyfry_snake_entry_island,
          chequers_serial_rivers_room_b, ice2_lemuel
Lair:5:   layout_hall_layers, minmay_slime_entry_oklob_open, lemuel_fruit_fields
Lair:6:   minmay_lair_end_enchanted_forest, layout_hall_layers
Swamp:1:  layout_falls_marsh, hangedman_swamp_pad, uniq_nikola
Swamp:2:  layout_basic_swamp, hangedman_swamp_diagram
Swamp:3:  layout_falls_marsh, hangedman_swamp_ruin_wall,
          nicolae_swamp_trees_clearing
Snake:1:  gammafunk_sealed_arena, layout_honeycomb, uniq_frances
Snake:2:  layout_cave_town, serial_shops, shop, serial_bayou_shore_b,
          uniq_vashnia
Snake:3:  layout_onion, serial_shops, shop, uniq_roxanne
Snake:4:  snake_pit, layout_cave_town, gammafunk_ghost_necromancy, uniq_donald
Orc:1:    layout_diamond_mine, serial_shops, nicolae_shop_waterfront
Orc:2:    pf_orc_diabolical, layout_caves, mines2_david

Skill      XL: |  1  2  3  4  5  6  7  8  9 10 11 12 13 14 15 16 17 18 |
---------------+-------------------------------------------------------+-----
Crossbows      | 5 6 7 8 9 10 14 17 18 20 | 20.0
Armour         | 1 3 4 6 7 9 10 11 12 13 | 13.2
Dodging        | 3 5 6 9 11 12 13 14 15 17 | 17.3
Fighting       | 3 5 6 8 10 11 12 14 16 | 16.7
Invocations    | 5 |  5.8
Evocations     | 3 7 8 10 | 10.4
Stealth        | |  1.3

Action                   |  1- 3 |  4- 6 |  7- 9 | 10-12 | 13-15 | 16-18 | 19-21 || total
-------------------------+-------+-------+-------+-------+-------+-------+-------++-------
Melee: Short sword       |    12 |       |       |       |       |       |       ||    12
       Whip              |    41 |   112 |     2 |   146 |       |       |       ||   301
       Punch             |       |       |     1 |     2 |       |       |       ||     3
       Demon trident     |       |       |       |       |       |    10 |       ||    10
       Unarmed           |       |       |       |       |       |     7 |       ||     7
 Fire: Hand crossbow     |     5 |     5 |   278 |   930 |   177 |       |       ||  1395
       Arbalest          |       |       |       |       |   884 |   901 |   101 ||  1886
Throw: Dart              |    12 |    29 |     7 |     2 |       |       |       ||    50
Invok: Heroism           |       |       |     1 |    31 |    11 |    11 |       ||    54
       Finesse           |       |       |       |       |     2 |     3 |       ||     5
 Abil: Stop Flying       |       |       |       |     1 |       |       |       ||     1
Evoke: Wand              |       |       |     7 |    22 |     3 |     2 |       ||    34
       Condenser vane    |       |       |       |       |     2 |     3 |       ||     5
       Tin of tremorston |       |       |       |       |       |     6 |       ||     6
       Lightning rod     |       |       |       |       |       |     2 |       ||     2
  Use: Scroll            |       |       |     5 |    15 |    13 |    17 |       ||    50
       Potion            |       |       |     3 |     8 |       |       |     1 ||    12
 Stab: Sleeping          |     2 |     4 |       |     2 |       |       |       ||     8
       Distracted        |       |       |       |     1 |       |     1 |       ||     2
Armor: Ring mail         |    19 |    44 |    72 |   156 |       |       |       ||   291
       Swamp dragon scal |       |       |       |    36 |   187 |    29 |       ||   252
       Plate armour      |       |       |       |       |       |   111 |    27 ||   138
Dodge: Dodged            |    33 |    66 |   167 |   888 |   607 |   527 |    58 ||  2346
       Repelled          |       |       |       |       |       |    39 |     1 ||    40

Table legend: (Time is in decaauts)
 A = Elapsed time spent in this place.
 B = Non-inter-level travel time spent in this place.
 C = Inter-level travel time spent in this place.
 D = Time resting spent in this place.
 E = Time spent auto-exploring this place.
 F = Levels seen in this place.
 G = Mean time per level.
                   A        B        C        D        E       F      G
               +--------+--------+--------+--------+--------+-----+--------+
         Total |  42223 |  40800 |   1423 |   5657 |  28473 |  32 | 1319.5 |
       Dungeon |  21264 |  20572 |    692 |   3443 |  13948 |  15 | 1417.6 |
        Temple |     42 |     38 |      4 |      0 |     32 |   1 |   42.0 |
          Lair |   8682 |   8359 |    323 |    162 |   6840 |   6 | 1447.0 |
         Swamp |   1885 |   1809 |     76 |      3 |   1510 |   3 |  628.3 |
     Snake Pit |   6871 |   6726 |    145 |   1093 |   4456 |   4 | 1717.8 |
  Orcish Mines |   2943 |   2762 |    181 |    856 |   1330 |   2 | 1471.5 |
      Gauntlet |    533 |    533 |      0 |    100 |    356 |   1 |  533.0 |
               +--------+--------+--------+--------+--------+-----+--------+

Top non-repeatable levels by time:
    D:11: 2980 daAuts
   Orc:2: 2323 daAuts
    D:10: 2184 daAuts
 Snake:4: 2149 daAuts
 Snake:1: 1923 daAuts
  Lair:1: 1760 daAuts
  Lair:6: 1737 daAuts
    D:14: 1691 daAuts
     D:6: 1561 daAuts
  Lair:2: 1555 daAuts
 Snake:2: 1515 daAuts
     D:9: 1475 daAuts
     D:7: 1431 daAuts
     D:8: 1399 daAuts
  Lair:3: 1397 daAuts
